 Dungeon Sprint DCSS version 0.19-a0-1697-g0595f0e (webtiles) character file.

1717 poirepourri the Unseen (level 8, -3/37 HPs)
             Began as a Spriggan Enchanter on Sept 26, 2016.
             Was a Follower of Dithmenos.
             Shot with an arrow by a centaur warrior (14 damage)
             ... in the Dungeon (Sprint I: "Red Sonja").
             The game lasted 00:02:11 (552 turns).

poirepourri the Unseen (Spriggan Enchanter)          Turns: 552, Time: 00:02:12

Health: -3/37      AC:  4    Str:  4    XL:     8   Next: 74%
Magic:  14/23      EV: 26    Int: 16    God:    Dithmenos [*.....]
Gold:   538        SH:  0    Dex: 19    Spells: 5 memorised, 15 levels left

rFire  . . .     SeeInvis +     a - +1 dagger
rCold  . . .     Gourm    .     b - +1 robe
rNeg   . . .     Faith    .     (shield restricted)
rPois  .         Spirit   .     (helmet restricted)
rElec  .         Dismiss  .     (no cloak)
rCorr  .         Reflect  .     (gloves unavailable)
MR     +....     Harm     .     (boots unavailable)
Stlth  +++++++++. NoTele   +    (no amulet)
                                (no ring)
                                (no ring)

@: wreathed by umbra, very quick
A: unfitting armour, see invisible, herbivore 3, speed 3, slow metabolism 2
a: Renounce Religion


You were in the Dungeon.
You worshipped Dithmenos.
Dithmenos was aware of your devotion.
You were not hungry.

You visited 1 branch You collected 658 gold pieces.
You spent 120 gold pieces at shops.

Inventory:

Hand Weapons
 a - a +1 dagger (weapon)
Armour
 b - a +1 robe (worn)
Scrolls
 j - a scroll of blinking
 l - a scroll of identify
Potions
 e - a potion of curing
 g - a potion of haste
 h - 2 potions of magic
 i - 2 potions of ambrosia {unknown}
 k - a potion of degeneration {unknown}
Books
 c - a book of Maledictions

   Spells                             Type                      Level
   a - Corona                         Hexes                        1
   b - Ensorcelled Hibernation        Hexes/Ice                    2
   c - Confuse                        Hexes                        3
   d - Tukima's Dance                 Hexes                        3
   e - Dazzling Spray                 Conjuration/Hexes            3
Comestibles
 d - 2 bread rations


   Skills:
 + Level 1.1 Fighting
 + Level 4.7 Short Blades
 + Level 9.7 Dodging
 + Level 17.2 Stealth
 + Level 10.0 Spellcasting
 + Level 13.3 Hexes


You had 15 spell levels left.
You knew the following spells:

 Your Spells              Type           Power        Failure   Level  Hunger
a - Corona                Hex            ######.      1%          1    None
b - Ensorcelled Hibernat  Hex/Ice        ####..       1%          2    None
c - Confuse               Hex            ######..     1%          3    None
d - Tukima's Dance        Hex            ######..     1%          3    None
e - Dazzling Spray        Conj/Hex       ####..       1%          3    None


Dungeon Overview and Level Annotations

Branches:
Dungeon (1/1)

Altars:
Cheibriados
Dithmenos
Elyvilon
Fedhas
Gozag
Hepliaklqana
Kikubaaqudgha
Makhleb
Nemelex Xobeh
Okawaru
Qazlal
Ru
Sif Muna
Trog
Uskayaw
Vehumet
Xom
Yredelemnul
Zin
The Shining One
Jiyva
Lugonu

Shops:
D %?[


Innate Abilities, Weirdness & Mutations

You are very small and have problems with some larger weapons.
You are too small for most types of armour.
You have supernaturally acute eyesight. (SInv)
You are a herbivore.
You cover ground extremely quickly.
You need consume almost no food.


Message History

Aim: a centaur warrior, wielding a shortbow (chance to defeat MR: 40%)
The centaur warrior resists with some effort.
The centaur warrior shoots an arrow.
The arrow hits you!
The centaur warrior shoots an arrow.
The arrow hits you!
Casting: Ensorcelled Hibernation
Confirm with . or Enter, or press ? or * to list all spells.
Aiming: Ensorcelled Hibernation
Press: ? - help, Shift-Dir - straight line, f/p - centaur warrior
Aim: a centaur warrior, wielding a shortbow (chance to defeat MR: 40%)
The centaur warrior resists with some effort.
Casting: Ensorcelled Hibernation
Confirm with . or Enter, or press ? or * to list all spells.
Aiming: Ensorcelled Hibernation
Press: ? - help, Shift-Dir - straight line, f/p - centaur warrior
Aim: a centaur warrior, wielding a shortbow (chance to defeat MR: 40%)
The centaur warrior resists with some effort.
The centaur warrior shoots an arrow.
The arrow hits you!
* * * LOW HITPOINT WARNING * * *
The centaur warrior shoots an arrow.
The arrow hits you!
You die...

#..'..#.)'..#..'..'..#
#..#####'#####'#__####
#..####..#...#.####§§#
#..#__####=.##.#§§§c§#
#..#_____##'#..+≈§§§§+
#⌠⌠#_.∩..†'..._#§c§§.#
####_..__##_.#'##§####
#_____###'#%#([..###
############@####'###.##
#∩^.......'...c((§..'.∩#
###++++####.).##########
##.## #+#


You could see a centaur warrior.

Vanquished Creatures
  Sonja (D)
  A deep troll (D)
  A slime creature (D)
  Sigmund (D)
  A yak (D)
  An ogre (D)
  A jelly (D)
  Ijyb (D)
8 creatures vanquished.

Vanquished Creatures (others)
  A gargoyle (D)
1 creature vanquished.

Grand Total: 9 creatures vanquished

Notes
Turn   | Place    | Note
-------+----------+-------------------------------------------
     0 | D        | poirepourri the Spriggan Enchanter began the quest for the Orb.
     0 | D        | Reached XP level 1. HP: 9/9 MP: 5/5
     2 | D        | Noticed Ijyb
     9 | D        | Killed Ijyb
     9 | D        | Reached skill level 6 in Stealth
     9 | D        | Reached skill level 5 in Hexes
     9 | D        | Reached XP level 2. HP: 13/13 MP: 4/7
    84 | D        | Learned a level 2 spell: Ensorcelled Hibernation
    87 | D        | Noticed an ogre
    94 | D        | Killed an ogre
    94 | D        | Reached skill level 5 in Dodging
    94 | D        | Reached skill level 9 in Stealth
    94 | D        | Reached skill level 5 in Spellcasting
    94 | D        | Reached XP level 3. HP: 11/16 MP: 7/10
    94 | D        | Reached XP level 4. HP: 15/21 MP: 8/12
   180 | D        | Noticed Sigmund
   183 | D        | Killed Sigmund
   183 | D        | Reached skill level 11 in Stealth
   183 | D        | Reached XP level 5. HP: 24/24 MP: 13/15
   183 | D        | Reached XP level 6. HP: 28/28 MP: 13/16
   197 | D        | Found a deep blue altar of Sif Muna.
   207 | D        | Found a radiant altar of Vehumet.
   211 | D        | Reached skill level 10 in Hexes
   216 | D        | Learned a level 3 spell: Confuse
   220 | D        | Learned a level 3 spell: Tukima's Dance
   224 | D        | Learned a level 3 spell: Dazzling Spray
   260 | D        | Found Momyamm's Magic Scroll Emporium.
   260 | D        | Found an ancient bone altar of Kikubaaqudgha.
   260 | D        | Found a hazy altar of Hepliaklqana.
   260 | D        | Found a stormy altar of Qazlal.
   260 | D        | Found a hide-covered altar of Uskayaw.
   260 | D        | Found a blossoming altar of Fedhas.
   260 | D        | Found a bloodstained altar of Trog.
   260 | D        | Found an iron altar of Okawaru.
   260 | D        | Found a basalt altar of Yredelemnul.
   260 | D        | Found a glowing golden altar of the Shining One.
   260 | D        | Found a snail-covered altar of Cheibriados.
   260 | D        | Found a sacrificial altar of Ru.
   260 | D        | Found a glowing silver altar of Zin.
   260 | D        | Found a shadowy altar of Dithmenos.
   260 | D        | Found a white marble altar of Elyvilon.
   260 | D        | Noticed a yak
   261 | D        | Found an opulent altar of Gozag.
   268 | D        | Killed a yak
   268 | D        | Reached skill level 13 in Stealth
   269 | D        | Found a sparkling altar of Nemelex Xobeh.
   277 | D        | Became a worshipper of Dithmenos the Shadowed
   277 | D        | Killed a gargoyle
   329 | D        | Bought a scroll of identify for 26 gold pieces
   342 | D        | Found a burning altar of Makhleb.
   342 | D        | Found a viscous altar of Jiyva.
   342 | D        | Found a shimmering altar of Xom.
   342 | D        | Found a corrupted altar of Lugonu.
   342 | D        | Noticed a slime creature
   345 | D        | Killed a slime creature
   345 | D        | Reached skill level 14 in Stealth
   345 | D        | Reached XP level 7. HP: 32/32 MP: 18/20
   371 | D        | Noticed Sonja
   375 | D        | Killed Sonja
   375 | D        | Reached skill level 1 in Fighting
   375 | D        | Reached skill level 15 in Stealth
   375 | D        | Reached XP level 8. HP: 37/37 MP: 22/22
   387 | D        | Noticed a deep troll
   391 | D        | Killed a deep troll
   391 | D        | Reached * piety under Dithmenos
   391 | D        | Reached skill level 17 in Stealth
   391 | D        | Reached skill level 10 in Spellcasting
   403 | D        | Found Hyqog's Armour Emporium.
   427 | D        | Found Simai's Food Boutique.
   435 | D        | Bought a bread ration for 55 gold pieces
   505 | D        | Bought a scroll of remove curse for 39 gold pieces
   537 | D        | Noticed a centaur warrior
   537 | D        | Noticed a centaur warrior
   552 | D        | Shot with an arrow by a centaur warrior

Vault maps used:
D:        dungeon_sprint_1

Skill      XL: |  1  2  3  4  5  6  7  8 |
---------------+-------------------------+-----
Stealth        | 6 9 11 14 15 17 | 17.2
Spellcasting   | 3 5 6 8 9 10 | 10.0
Hexes          | 5 8 9 11 12 13 | 13.3
Dodging        | 5 6 8 9 |  9.7
Short Blades   | 2 3 4 |  4.7
Fighting       | 1 |  1.1

Action                   |  1- 3 |  4- 6 |  7- 9 || total
-------------------------+-------+-------+-------++-------
Melee: Dagger            |    10 |     6 |     2 ||    18
 Cast: Corona            |     1 |       |       ||     1
       Ensorcelled Hiber |       |     4 |     5 ||     9
  Use: Potion            |     1 |       |     1 ||     2
       Scroll            |       |       |     1 ||     1
 Stab: Sleeping          |     1 |     4 |     2 ||     7
Dodge: Dodged            |     7 |     6 |     6 ||    19
